 Dungeon Crawl Stone Soup version 0.14-a0-2019-gd9bc7f0 (webtiles) character file.

192 Mitsuki the Covert (level 4, -5/22 HPs)
             Began as a Spriggan Assassin on Jan 19, 2014.
             Was an Initiate of Ashenzari.
             Slain by a gnoll
             ... wielding a cursed -2,-1 spear
              (7 damage)
             ... on Level 3 of the Dungeon.
             The game lasted 00:09:46 (2718 turns).

Mitsuki the Covert (Spriggan Assassin)              Turns: 2718, Time: 00:09:47

HP  -5/22        AC  3     Str  8      XL: 4   Next: 25%
MP   8/8         EV 17     Int 12      God: Ashenzari [......]
Gold 107         SH  0     Dex 17      Spells:  0 memorised,  3 levels left

rFire  . . .     SeeInvis +     a - +4,+2 dwarf dagger
rCold  . . .     Clarity  .     c - +0 robe (curse)
rNeg   . . .     Conserve .     (shield restricted)
rPois  .         rCorr    .     (helmet restricted)
rElec  .         rRot     .     d - +0 cloak (curse)
SustAb . .       Spirit   .     (gloves unavailable)
rMut   .         Warding  .     (boots unavailable)
Saprov . . .     Stasis   .     (no amulet)
MR     .....                    (no ring)
                                (no ring)

@: very quick, not resistant to hostile enchantments, very stealthy
A: unfitting armour, see invisible, herbivore 3, speed 3, slow metabolism 2
a: Renounce Religion


You were on level 3 of the Dungeon.
You worshipped Ashenzari.
Ashenzari was noncommittal.
You were not hungry.

You visited 1 branch of the dungeon, and saw 4 of its levels.

You collected 107 gold pieces.

Inventory:

Hand weapons
 a - a +4,+2 dwarven dagger (weapon)
 b - a +0 blowgun
Missiles
 e - 8 poisoned needles
 f - 2 curare-tipped needles
Armour
 c - a cursed +0 robe (worn)
 d - a cursed +0 cloak (worn)
Comestibles
 h - a bread ration
 j - a choko
 k - 2 apples
Scrolls
 i - a scroll of curse jewellery
 m - 3 scrolls of remove curse
 n - 4 scrolls of identify {unknown}
 o - a scroll of amnesia {unknown}
 r - 2 scrolls of recharging {unknown}
 t - a scroll of fog
Potions
 g - a potion of porridge
 l - a potion of might {unknown}
 p - 2 potions of restore abilities {unknown}
 q - a potion of speed {unknown}
 s - 2 potions of curing {unknown}


   Skills:
 - Level 1.5 Fighting
 - Level 2.1 Short Blades
 - Level 2.1 Throwing
 - Level 1.5 Dodging
 + Level 8.8 Stealth


You had 3 spell levels left.
You didn't know any spells.

Dungeon Overview and Level Annotations

Branches:
Dungeon (4/16)
 Temple: D:4-7

Altars:
Ashenzari


Innate Abilities, Weirdness & Mutations

You are tiny and cannot use many weapons and most armour.
You have supernaturally acute eyesight.
You are a herbivore.
You cover ground extremely quickly.
You need consume almost no food.


Message History

The gnoll hits you from afar with a spear!
* * * LOW HITPOINT WARNING * * *
You hit the gnoll but do no damage.
The gnoll is severely wounded.
The gnoll barely misses you. The gnoll closely misses you.
You hit the gnoll but do no damage.
The gnoll is severely wounded.
The gnoll hits you from afar with a spear.
* * * LOW HITPOINT WARNING * * *
The gnoll barely misses you.
You barely miss the gnoll.
The gnoll is severely wounded.
The gnoll completely misses you. The gnoll misses you.
You hit the gnoll but do no damage.
The gnoll is severely wounded.
The gnoll barely misses you.
You hit the gnoll.
The gnoll is almost dead.
The gnoll hits you with a spear!
You die...

##### .... #..# ### ##
#..# g. .. .. #..# g#
...### .# #..##g#
#...... .# #.).@.#
#...... .#
#########.#######
#......
.####.................
.#......
.....................
.........
#####.#.....#.#.###.#
.#.....)
....#.#.#.#.#.#...
#....PP
###.#.#..<#.#.#.....
##....≈≈
......#........ ...
.....P≈♣
......###.#.#.# ##
##...♣♣≈


You could see 3 gnolls.

Vanquished Creatures
  3 adders
  A gnoll (D:3)
  An ooze (D:1)
  An orc (D:3)
  2 giant cockroaches
  9 hobgoblins
  2 kobolds (D:2)
  3 quokkas
  2 ball pythons (D:1)
  3 bats
  3 giant geckos
  6 giant newts
  4 goblins
  6 rats
46 creatures vanquished.

Notes
Turn   | Place    | Note
--------------------------------------------------------------
     0 | D:1      | Mitsuki, the Spriggan Assassin, began the quest for the Orb.
     0 | D:1      | Reached XP level 1. HP: 10/10 MP: 2/2
    64 | D:1      | Reached skill level 6 in Stealth
    89 | D:1      | Found a shattered altar of Ashenzari.
    96 | D:1      | Became a worshipper of Ashenzari the Shackled
   292 | D:1      | Reached XP level 2. HP: 4/14 MP: 4/4
  1013 | D:2      | Reached skill level 7 in Stealth
  1071 | D:2      | Reached XP level 3. HP: 12/18 MP: 6/6
  1398 | D:2      | Reached skill level 8 in Stealth
  1887 | D:3      | Reached XP level 4. HP: 22/22 MP: 8/8
  1897 | D:3      | Noticed a giant frog
  2715 | D:3      | HP: 1/22 [gnoll/spear (4)]
  2718 | D:3      | Slain by a gnoll

Action                   |  1- 3 |  4- 6 || total
-------------------------+-------+-------++-------
Melee: Dagger            |   102 |    31 ||   133
 Fire: Blowgun           |       |     3 ||     3
  Use: Scroll            |    13 |       ||    13
 Stab: Sleeping          |    18 |     4 ||    22
